 Dungeon Crawl Stone Soup version 0.21-a0-110-g8e1637b (webtiles) character file.

66481 Ordine the Unseen (level 14, -4/72 HPs)
             Began as a Spriggan Enchanter on July 8, 2017.
             Was a High Priest of Okawaru.
             Slain by a catoblepas (12 damage)
             ... on level 6 of the Lair of Beasts.
             The game lasted 01:19:29 (21460 turns).

Ordine the Unseen (Spriggan Enchanter)             Turns: 21460, Time: 01:19:30

Health: -4/72      AC:  6    Str: 13    XL:     14   Next: 79%
Magic:  10/36      EV:  4    Int: 25    God:    Okawaru [*****.]
Gold:   1200       SH:  0    Dex: 17    Spells: 20/29 levels left

rFire    . . .     SeeInvis +   Y - +2 short sword of Bloodstone {venom, rPois MP+9 Str+4 Stlth+}
rCold    . . .     Gourm    .   (shield restricted)
rNeg     + + +     Faith    .   q - +2 robe {Archmagi}
rPois    ∞         Spirit   .   (helmet restricted)
rElec    .         Reflect  .   A - +1 cloak {+Inv}
rCorr    .         Harm     .   (gloves unavailable)
MR       ++...                  (boots unavailable)
Stlth    ++++++++..             K - amulet of rage
HPRegen  0.22/turn              D - +4 ring of intelligence
MPRegen  0.25/turn              w - +5 ring of strength

@: petrified, very quick
A: unfitting armour, see invisible, herbivore 3, speed 3, slow metabolism 2
a: Heroism, Finesse, Renounce Religion, Evoke Berserk Rage, Evoke Invisibility


You were on level 6 of the Lair of Beasts.
You worshipped Okawaru.
Okawaru was extremely pleased with you.
You were very hungry.

You visited 3 branches of the dungeon, and saw 19 of its levels.
You also visited: Labyrinth.

You collected 1200 gold pieces.

Inventory:

Hand Weapons
 a - a +1 dagger of venom
 Y - the +2 short sword of Bloodstone (weapon) {venom, rPois MP+9 Str+4 Stlth+}
   (You found it on level 6 of the Lair of Beasts)

   It poisons the flesh of those it strikes.
   It affects your strength (+4).
   It protects you from poison.
   It affects your magic capacity (+9).
   It makes you more stealthy.
Armour
 q - a +2 robe of the Archmagi (worn)
 A - a +1 cloak of invisibility (worn)
Magical Staves
 b - an uncursed staff of energy
Jewellery
 l - an uncursed ring of protection from cold
 w - a +5 ring of strength (right hand)
 x - an uncursed ring of flight
 D - a +4 ring of intelligence (left hand)
 K - an amulet of rage (around neck)
 M - an uncursed ring of protection from fire
Wands
 y - a wand of digging (11/24)
 z - a wand of acid (9/15)
 G - a wand of disintegration (8/24)
 R - a wand of scattershot (3/9)
 W - a wand of iceblast (3/15)
Scrolls
 j - 7 scrolls of remove curse
 k - 9 scrolls of teleportation
 n - 2 scrolls of enchant weapon
 p - a scroll of fog
 t - 4 scrolls of recharging
 B - 3 scrolls of enchant armour
 E - 2 scrolls of blinking
 J - a scroll of immolation
 N - a scroll of amnesia
Potions
 e - a potion of flight
 h - 2 potions of ambrosia
 i - 3 potions of resistance
 m - 4 potions of agility
 o - 2 potions of berserk rage
 r - 2 potions of magic
 s - 4 potions of lignification
 u - 3 potions of haste
 C - 2 potions of mutation
 F - a potion of might
 S - 2 potions of curing
 T - a potion of heal wounds {unknown}
 X - a potion of cancellation {unknown}
Books
 c - a book of Maledictions

   Spells                             Type                      Level
   a - Corona                         Hexes                        1
   b - Ensorcelled Hibernation        Hexes/Ice                    2
   c - Confuse                        Hexes                        3
   d - Tukima's Dance                 Hexes                        3
   e - Dazzling Spray                 Conjuration/Hexes            3
 v - a book of the Dragon

   Spells                             Type                      Level
   a - Flame Tongue                   Conjuration/Fire             1
   b - Cause Fear                     Hexes                        4
   c - Bolt of Fire                   Conjuration/Fire             6
   d - Dragon Form                    Transmutation                7
   e - Dragon's Call                  Summoning                    9
 H - a book of Unlife

   Spells                             Type                      Level
   a - Recall                         Summoning/Translocation      3
   b - Animate Dead                   Necromancy                   4
   c - Control Undead                 Necromancy                   4
   d - Cigotuvi's Embrace             Necromancy                   5
   e - Death Channel                  Necromancy                   6
   f - Simulacrum                     Ice/Necromancy               6
 I - a book of Changes

   Spells                             Type                      Level
   a - Beastly Appendage              Transmutation                1
   b - Sticks to Snakes               Transmutation                2
   c - Spider Form                    Transmutation/Poison         3
   d - Ice Form                       Ice/Transmutation            4
   e - Blade Hands                    Transmutation                5
 L - a book of Conjurations

   Spells                             Type                      Level
   a - Magic Dart                     Conjuration                  1
   b - Searing Ray                    Conjuration                  2
   c - Dazzling Spray                 Conjuration/Hexes            3
   d - Fulminant Prism                Conjuration/Hexes            4
   e - Force Lance                    Conjuration/Translocation    4
   f - Iskenderun's Mystic Blast      Conjuration                  4
 O - a book of Necromancy

   Spells                             Type                      Level
   a - Pain                           Necromancy                   1
   b - Animate Skeleton               Necromancy                   1
   c - Vampiric Draining              Necromancy                   3
   d - Regeneration                   Charms/Necromancy            3
   e - Animate Dead                   Necromancy                   4
   f - Control Undead                 Necromancy                   4
 P - a book of Cantrips

   Spells                             Type                      Level
   a - Confusing Touch                Hexes                        1
   b - Animate Skeleton               Necromancy                   1
   c - Summon Small Mammal            Summoning                    1
   d - Apportation                    Translocation                1
 Q - a book of the Earth

   Spells                             Type                      Level
   a - Leda's Liquefaction            Hexes/Earth                  4
   b - Bolt of Magma                  Conjuration/Fire/Earth       5
   c - Statue Form                    Transmutation/Earth          6
   d - Iron Shot                      Conjuration/Earth            6
   e - Shatter                        Earth                        9
 U - a book of Flames

   Spells                             Type                      Level
   a - Flame Tongue                   Conjuration/Fire             1
   b - Throw Flame                    Conjuration/Fire             2
   c - Conjure Flame                  Conjuration/Fire             3
   d - Inner Flame                    Hexes/Fire                   3
   e - Sticky Flame                   Conjuration/Fire             4
   f - Fireball                       Conjuration/Fire             5
Miscellaneous
 V - a crystal ball of energy
Comestibles
 d - 7 bread rations
 f - 6 fruits
 g - 9 royal jellies


   Skills:
 + Level 7.6 Fighting
 - Level 10.0 Short Blades
 + Level 13.6 Dodging
 + Level 16.6 Stealth
 - Level 8.0 Spellcasting
 - Level 10.0 Hexes
 + Level 5.7 Charms
 + Level 3.4 Necromancy
 - Level 6.0 Translocations
 + Level 4.9 Invocations
 - Level 13.0 Evocations


You had 20 spell levels left.
You knew the following spells:

 Your Spells              Type           Power        Failure   Level  Hunger
a - Ensorcelled Hibernat  Hex/Ice        ######       1%          2    None
b - Confuse               Hex            ######..     1%          3    None
c - Apportation           Tloc           ######       1%          1    None
d - Regeneration          Chrm/Necr      #####.....   2%          3    None


Dungeon Overview and Level Annotations

Branches:
Dungeon (12/15)            Temple (1/1) D:4            Lair (6/6) D:11
  Swamp (0/4) Lair:4       Spider (0/4) Lair:3        Slime (0/5) Lair:6
    Orc (0/2) D:10

Altars:
Ashenzari
Cheibriados
Dithmenos
Elyvilon
Fedhas
Gozag
Hepliaklqana
Kikubaaqudgha
Makhleb
Nemelex Xobeh
Okawaru
Qazlal
Ru
Sif Muna
Trog
Uskayaw
Vehumet
Wu Jian
Xom
Yredelemnul
Zin
The Shining One

Shops:
D:4 :   D:5 [   D:7 *

Annotations:
D:3 exclusion: oklob plant


Innate Abilities, Weirdness & Mutations

You are very small and have problems with some larger weapons.
You are too small for most types of armour.
You have supernaturally acute eyesight. (SInv)
You are a herbivore.
You cover ground extremely quickly.
You need consume almost no food.


Message History

The catoblepas gores you!!
Your limbs are stiffening.
Casting: Ensorcelled Hibernation
Confirm with . or Enter, or press ? or * to list all spells.
Aiming: Ensorcelled Hibernation
Press: ? - help, Shift-Dir - straight line, f/p - catoblepas
Aim: a catoblepas (chance to defeat MR: 11%)
You feel a surge of power!
The catoblepas resists with almost no effort.
The catoblepas closely misses you.
You have turned to stone.
The catoblepas gores you! The catoblepas gores you.
* * * LOW HITPOINT WARNING * * *
The catoblepas barely misses you.
The catoblepas breathes a plume of calcifying dust at you.
The blast of calcifying dust hits you!
* * * LOW HITPOINT WARNING * * *
You are engulfed in calcifying dust.
The catoblepas gores you!!
* * * LOW HITPOINT WARNING * * *
You are engulfed in calcifying dust.
The catoblepas gores you!!
You die...

.#.....†........8......###
(...........###......###
...........## ##.....P##
...........# ##...###.P#
..........####...#######
<.........# #...###.###
..........# #..##.....#
..........###...Y..#
.........###....@.##
.........# ##...§##
.........# ##.###
.........# ### †........##
..........# .P........#
..........# ..........#


You could see a catoblepas.

Vanquished Creatures
  Rupert (Lair:5)
  The ghost of gorpus the Timeless, a journeyman OpCj of Cheibriados (Lair:5)
  A minotaur (Lab)
  6 hydras
  Erica (D:9)
  2 two-headed ogres
  A tengu warrior (D:9)
  5 death yaks
  Sonja (Lair:3)
  Pikel (D:4)
  A deep troll (D:9)
  5 oklob plants
  2 manticores (Lair:6)
  2 guardian serpents (D:10)
  The ghost of Ordine the Covert, a novice SpEn (D:6)
  2 black mambas
  A torpor snail (Lair:4)
  5 spiny frogs
  A rime drake (Lair:4)
  2 kobold demonologists (D:9)
  8 komodo dragons
  2 trolls
  2 polar bears
  A hornet (Lair:3)
  Grinder (D:5)
  13 blink frogs
  5 hippogriffs
  7 dream sheep
  A shadow (D:12)
  A wraith (D:11)
  2 wyverns
  3 basilisks
  Grum (D:9)
  43 yaks
  Menkaure (D:4)
  A steam dragon (D:11)
  3 swamp worms (Lair:4)
  9 water moccasins
  12 porcupines
  2 sky beasts
  3 orc warriors
  4 ice beasts
  A black bear (D:8)
  17 wolves
  5 ogres
  2 phantoms (D:10)
  16 crocodiles
  11 centaurs
  15 bullfrogs
  The ghost of Ordine the Sneak, an amateur SpEn (D:3)
  3 big kobolds
  A wyvern skeleton (D:11)
  A scorpion (D:10)
  4 crimson imps
  3 bullfrog skeletons
  7 hounds
  2 orc priests
  10 jellies
  5 orc wizards
  Jessica (D:2)
  An iguana (D:7)
  Natasha (thrice) (D:4)
  5 worker ants
  A killer bee zombie (D:7)
  8 ogre zombies (D:10)
  A hound zombie (D:7)
  A howler monkey skeleton (D:11)
  4 gnolls
  12 adders
  3 shadow imps
  16 oozes (Lair:1)
  An adder zombie (D:6)
  4 worms
  A dart slug (D:1)
  6 leopard geckos
  20 orcs
  5 ball pythons
  10 bats
  2 giant cockroaches (D:2)
  10 goblins
  6 hobgoblins
  3 jackals (D:5)
  4 quokkas
  6 frilled lizards
  3 goblin skeletons (D:10)
  A goblin zombie (D:10)
  A hobgoblin skeleton (D:10)
  8 hobgoblin zombies (D:10)
  16 kobolds
  A leopard gecko zombie (D:6)
  12 orc zombies (D:10)
  A quokka skeleton (D:6)
  A rat (D:3)
  A plant (Lair:5)
450 creatures vanquished.

Vanquished Creatures (collateral kills)
  An adder zombie (D:6)
  2 orcs (D:6)
  A giant cockroach (D:6)
4 creatures vanquished.

Vanquished Creatures (others)
  2 fungi (Lair:1)
  7 plants
9 creatures vanquished.

Grand Total: 463 creatures vanquished

Notes
Turn   | Place    | Note
-------+----------+-------------------------------------------
     0 | D:1      | Ordine the Spriggan Enchanter began the quest for the Orb.
     0 | D:1      | Reached XP level 1. HP: 9/9 MP: 5/5
   574 | D:1      | Reached skill level 5 in Stealth
   644 | D:1      | Reached XP level 2. HP: 3/13 MP: 4/6
   679 | D:1      | Learned a level 2 spell: Ensorcelled Hibernation
  1433 | D:1      | Reached skill level 6 in Stealth
  1732 | D:1      | Reached XP level 3. HP: 12/16 MP: 0/8
  1756 | D:1      | Learned a level 3 spell: Confuse
  2418 | D:2      | Noticed Jessica
  2430 | D:2      | Killed Jessica
  2430 | D:2      | Reached XP level 4. HP: 21/21 MP: 6/9
  2627 | D:2      | Found a shimmering altar of Xom.
  2709 | D:2      | Reached skill level 7 in Stealth
  3327 | D:3      | Reached XP level 5. HP: 24/24 MP: 0/10
  3425 | D:3      | Noticed Ordine's ghost (amateur SpEn)
  3480 | D:3      | Killed Ordine's ghost
  3578 | D:3      | Found a transporter.
  3682 | D:3      | Found a transporter.
  3736 | D:3      | HP: 1/24 [shadow imp/nerve-wracking pain (13)]
  4142 | D:3      | Found a blossoming altar of Fedhas.
  4153 | D:3      | Noticed an oklob plant
  4260 | D:4      | Found a staircase to the Ecumenical Temple.
  4265 | Temple   | Entered the Ecumenical Temple
  4324 | Temple   | Became a worshipper of Warmaster Okawaru
  4418 | D:4      | Noticed Natasha
  4426 | D:4      | Killed Natasha
  4482 | D:4      | Noticed Menkaure
  4485 | D:4      | Killed Menkaure
  4485 | D:4      | Reached skill level 5 in Short Blades
  4485 | D:4      | Reached skill level 8 in Stealth
  4485 | D:4      | Reached XP level 6. HP: 28/28 MP: 8/11
  4693 | D:4      | Noticed Natasha
  4711 | D:4      | Killed Natasha
  4711 | D:4      | Reached * piety under Okawaru
  4746 | D:4      | Reached XP level 7. HP: 29/32 MP: 7/14
  5065 | D:4      | Found Piryqur's Book Shop.
  5075 | D:4      | Noticed Natasha
  5084 | D:4      | Killed Natasha
  5297 | D:5      | Entered Level 5 of the Dungeon
  5334 | D:5      | Noticed Pikel
  5457 | D:4      | Killed Pikel
  5457 | D:4      | Reached ** piety under Okawaru
  5457 | D:4      | Reached XP level 8. HP: 27/36 MP: 12/18
  5500 | D:5      | Noticed Grinder
  5756 | D:5      | Killed Grinder
  5997 | D:5      | Reached *** piety under Okawaru
  6089 | D:5      | Found Lycizeke's Armour Shoppe.
  6377 | D:6      | Found a white marble altar of Elyvilon.
  6388 | D:6      | Reached skill level 1 in Fighting
  6560 | D:6      | Found a burning altar of Makhleb.
  6561 | D:6      | Found an opulent altar of Gozag.
  6563 | D:6      | Found a hide-covered altar of Uskayaw.
  6565 | D:6      | Found a hazy altar of Hepliaklqana.
  6566 | D:6      | Found a stormy altar of Qazlal.
  6657 | D:6      | Reached skill level 5 in Dodging
  6674 | D:6      | You fall through a shaft for 2 floors!
  6685 | D:7      | Found a sacrificial altar of Ru.
  6754 | D:7      | Reached XP level 9. HP: 30/42 MP: 13/22
  6764 | D:7      | Found Faklig's General Store.
  6784 | D:6      | Noticed Ordine's ghost (novice SpEn)
  6785 | D:6      | Found a burning altar of Makhleb.
  6826 | D:6      | Killed Ordine's ghost
  6826 | D:6      | Reached **** piety under Okawaru
  7724 | D:8      | Found a shattered altar of Ashenzari.
  8068 | D:8      | Noticed an eight-headed hydra
  8078 | D:8      | Killed an eight-headed hydra
  8078 | D:8      | Reached ***** piety under Okawaru
  8428 | D:8      | Found a snail-covered altar of Cheibriados.
  8709 | D:8      | Noticed a two-headed ogre
  8714 | D:8      | Killed a two-headed ogre
  8714 | D:8      | Reached skill level 9 in Stealth
  8714 | D:8      | Reached XP level 10. HP: 49/49 MP: 20/23
  8795 | D:8      | Reached skill level 10 in Stealth
  8972 | D:9      | Noticed a two-headed ogre
  9007 | D:9      | Killed a two-headed ogre
  9007 | D:9      | Received a gift from Okawaru
  9007 | D:9      | Reached skill level 11 in Stealth
  9104 | D:9      | Reached skill level 12 in Stealth
  9104 | D:9      | Reached skill level 1 in Evocations
  9107 | D:9      | Noticed an orange demon
  9150 | D:9      | Noticed a rust devil
  9178 | D:9      | Got a jewelled broad axe {vamp}
  9379 | D:9      | Noticed Grum
  9399 | D:9      | Killed Grum
  9562 | D:9      | Noticed Erica
  9569 | D:9      | Killed Erica
  9569 | D:9      | Reached skill level 5 in Evocations
  9780 | D:9      | Noticed a tengu warrior
  9785 | D:9      | Killed a tengu warrior
  9785 | D:9      | Reached skill level 5 in Fighting
  9785 | D:9      | Reached XP level 11. HP: 56/56 MP: 24/24
  9951 | D:9      | Noticed a deep troll
  9954 | D:9      | Killed a deep troll
  9966 | D:9      | Noticed a five-headed hydra
  9971 | D:9      | Killed a five-headed hydra
 10127 | D:10     | Entered Level 10 of the Dungeon
 10187 | D:10     | Reached ****** piety under Okawaru
 10200 | D:10     | Found a staircase to the Orcish Mines.
 10907 | D:10     | You fall through a shaft for 2 floors!
 11399 | D:10     | Found a hide-covered altar of Uskayaw.
 11979 | D:11     | Reached skill level 10 in Short Blades
 12273 | D:11     | Found a staircase to the Lair.
 12657 | D:11     | Received a gift from Okawaru
 12660 | D:11     | Got a brightly glowing rapier {god gift}
 12661 | D:11     | Identified the +4 rapier "Lefasaus" {pierce, +Rage rPois Str+3} (Okawaru gifted it to you on level 11 of the Dungeon)
 12776 | Lair:1   | Entered Level 1 of the Lair of Beasts
 12778 | Lair:1   | Reached skill level 10 in Hexes
 12886 | Lair:1   | Noticed a five-headed hydra
 12892 | Lair:1   | Killed a five-headed hydra
 12892 | Lair:1   | Reached XP level 12. HP: 61/61 MP: 21/25
 12938 | Lair:1   | Reached skill level 13 in Stealth
 13516 | Lair:1   | Reached skill level 10 in Evocations
 14186 | Lair:2   | Reached skill level 10 in Dodging
 14209 | Lair:2   | Received a gift from Okawaru
 14461 | Lair:2   | Reached skill level 14 in Stealth
 14602 | Lair:2   | You fall through a shaft!
 14656 | Lair:3   | Noticed Sonja
 14662 | Lair:3   | Killed Sonja
 14717 | Lair:3   | Found a hole to the Spider Nest.
 14858 | Lair:3   | Found an iron altar of Okawaru.
 15238 | Lair:3   | Found a labyrinth entrance.
 15251 | Lab      | Entered a labyrinth
 15456 | Lab      | Noticed a minotaur
 15469 | Lab      | Killed a minotaur
 15472 | Lab      | Got a shimmering scimitar {speed}
 15510 | Lair:3   | Identified the +4 scimitar of Xuorrevo {speed, rElec Dex+3} (You took it off a minotaur in a labyrinth)
 15561 | Lair:2   | Received a gift from Okawaru
 15572 | Lair:2   | Got a crude short sword {god gift}
 15573 | Lair:2   | Identified the +1 short sword "Siti" {holy, rF+ rN+ Str+3} (Okawaru gifted it to you on level 2 of the Lair of Beasts)
 16191 | Lair:4   | Reached skill level 15 in Stealth
 16194 | Lair:4   | Learned a level 1 spell: Apportation
 16198 | Lair:4   | Learned a level 3 spell: Regeneration
 16319 | Lair:4   | Found a staircase to the Swamp.
 16665 | Lair:4   | Noticed a six-headed hydra
 16685 | Lair:4   | Killed a six-headed hydra
 16685 | Lair:4   | Reached skill level 1 in Translocations
 16692 | Lair:4   | Reached skill level 1 in Invocations
 16782 | Lair:4   | Reached XP level 13. HP: 57/65 MP: 18/26
 16810 | Lair:4   | Reached XP level 14. HP: 65/70 MP: 11/27
 17175 | Lair:4   | Reached skill level 1 in Charms
 17561 | Lair:5   | Reached skill level 1 in Necromancy
 17688 | Lair:5   | Received a gift from Okawaru
 17869 | Lair:5   | Got a smoking iron amulet
 17871 | Lair:5   | Identified the amulet of Uhaicon {Faith rC- Str+3 Stlth+} (You found it on level 5 of the Lair of Beasts)
 18131 | Lair:5   | Found a deep blue altar of Sif Muna.
 18187 | Lair:5   | Reached skill level 16 in Stealth
 18229 | Lair:5   | Noticed Rupert
 18485 | Lair:5   | Killed Rupert
 18485 | Lair:5   | Reached skill level 5 in Translocations
 18612 | Lair:5   | Noticed gorpus's ghost (journeyman OpCj)
 18641 | Lair:5   | Killed gorpus's ghost
 18960 | Lair:6   | Entered Level 6 of the Lair of Beasts
 19050 | Lair:6   | Found a staircase to the Slime Pits.
 19475 | Lair:6   | Got a scorched short sword
 19489 | Lair:6   | Identified the cursed +2 short sword of Bloodstone {venom, rPois MP+9 Str+4 Stlth+} (You found it on level 6 of the Lair of Beasts)
 19786 | Lair:5   | HP: 1/72 [dream sheep (26)]
 20556 | Lair:6   | Reached skill level 5 in Charms
 21040 | Lair:4   | Received a gift from Okawaru
 21460 | Lair:6   | Slain by a catoblepas

Vault maps used:
D:1:      minmay_arrival_doors
D:2:      xom_teletrap_fun, first_bread, uniq_jessica
D:3:      gammafunk_wand_slinger, tgw_fedhas
D:4:      temple_doors_e, serial_shops, kennysheep_mini, supply_closet_lemuel,
          uniq_natasha, uniq_menkaure
D:5:      serial_shops, nicolae_shop_behind_doors, corexii_checkpoint_a,
          uniq_grinder, uniq_pikel
D:6:      grunt_temple_overflow_open, lemuel_doored_altar, basic_altar
D:7:      serial_shops, nicolae_shop_stone, basic_altar
D:8:      nicolae_ashenzari_panopticon, basic_altar
D:9:      minmay_shrinking_squares, uniq_grum, uniq_erica
D:10:     nrook_guardian_serpent_snake_passage, zombieorc2_lemuel, basic_altar
D:11:     erik_lair_dragon
D:12:     serial_bayou, serial_bayou_ford_a, serial_bayou_lagoon_a,
          serial_bayou_shore_b, serial_bayou_pond_d, hangedman_stone_soup,
          kennysheep_doodads, minmay_misc_feat_more_columns, uniq_fannar,
          uniq_azrael
Temple:   nicolae_temple_god_jail
Lair:1:   lemuel_slime
Lair:3:   dummy_spider_entry, basic_altar, lab_entry_generic, uniq_sonja
Lair:4:   minmay_swamp_entry_worms
Lair:5:   lemuel_oklob_altar, grunt_megastairs_5, infiniplex_staircase_pool_2,
          serial_bayou_shore_a, minmay_lair_oklob_chamber, serial_bayou_shore_b,
          uniq_rupert
Lair:6:   evilmike_catoblepas_cave, slime_dummy
Lab:      labyrinth_spiral

Skill      XL: |  1  2  3  4  5  6  7  8  9 10 11 12 13 14 |
---------------+-------------------------------------------+-----
Stealth        | 5 6 7 8 9 12 15 16 | 16.6
Short Blades   | 2 3 5 9 10 | 10.0
Spellcasting   | 4 6 8 |  8.0
Hexes          | 4 6 8 10 | 10.0
Fighting       | 2 3 5 6 7 |  7.6
Dodging        | 5 8 9 12 13 | 13.6
Evocations     | 6 9 11 12 13 | 13.0
Translocations | 1 4 6 |  6.0
Invocations    | 1 2 4 |  4.9
Charms         | 5 |  5.7
Necromancy     | 3 |  3.4

Action                   |  1- 3 |  4- 6 |  7- 9 | 10-12 | 13-15 || total
-------------------------+-------+-------+-------+-------+-------++-------
Melee: Dagger            |   131 |   107 |   206 |   545 |   146 ||  1135
       Short sword       |       |       |       |       |    50 ||    50
 Cast: Corona            |     1 |     1 |       |     1 |       ||     3
       Ensorcelled Hiber |    22 |    21 |    66 |   180 |   168 ||   457
       Confuse           |       |     4 |    22 |    34 |    24 ||    84
       Apportation       |       |       |       |       |     1 ||     1
 Abil: Evoke Invisibilit |       |       |       |       |     2 ||     2
  Use: Scroll            |     5 |     4 |     9 |    11 |     5 ||    34
       Potion            |       |       |       |     1 |     2 ||     3
 Stab: Sleeping          |    19 |    28 |    44 |   159 |    79 ||   329
       Confused          |       |     2 |    14 |    29 |    10 ||    55
       Distracted        |       |       |     1 |     2 |       ||     3
       Invisible         |       |       |       |       |     6 ||     6
  Eat: Bread ration      |       |     1 |     1 |     1 |       ||     3
       Fruit             |       |       |       |     2 |       ||     2
Armor: Robe              |    12 |     7 |    34 |    22 |    13 ||    88
Dodge: Dodged            |   110 |    76 |   216 |   304 |   227 ||   933
